 Dungeon Crawl Stone Soup version 0.16-a0-1132-gad589c6 (webtiles) character file.

80 RobertPalmer the Ducker (level 4, -1/46 HPs)
             Began as an Octopode Monk on Oct 7, 2014.
             Slain by an adder (3 damage)
             ... on level 4 of the Dungeon.
             The game lasted 00:04:15 (1998 turns).

RobertPalmer the Ducker (Octopode Monk)             Turns: 1998, Time: 00:04:15

Health: -1/46      AC: 22    Str: 10    XL:     4   Next: 39%
Magic:  5/5        EV:  2    Int: 13    God:
Gold:   87         SH:  0    Dex: 19    Spells: 0 memorised, 3 levels left

rFire  + . .     SeeInvis .       - Unarmed
rCold  + . .     Clarity  .     (no shield)
rNeg   + + +     SustAb   .     (helmet currently unavailable)
rPois  +         Gourm    .     (no amulet)
rElec  +         Spirit   .     (no ring)
rCorr  +         Warding  .     (no ring)
rMut   .         NoTele   +     (ring currently unavailable)
MR     .....                    (ring currently unavailable)
Stlth  ++++......               (ring currently unavailable)
                                (ring currently unavailable)
                                (ring currently unavailable)
                                (ring currently unavailable)

@: agile, lethally poisoned, tree-form, resistant, not resistant to hostile
enchantments, stealthy
A: almost no armour, amphibious, (8 rings), (constrict 8), (camouflage 0),
(gelatinous body 0)
a: no special abilities


You were on level 4 of the Dungeon.
You were hungry.
You were a tree.
You visited 1 branch of the dungeon, and saw 4 of its levels.

You collected 87 gold pieces.


Innate Abilities, Weirdness & Mutations

You cannot wear most types of armour.
You are amphibious.
((You can wear up to eight rings at the same time.))
((You can use your tentacles to constrict many enemies at once.))
((Your skin changes colour to match your surroundings (Stealth).))
((Your rubbery body absorbs attacks (AC +1).))


   Skills:
 - Level 3.0 Fighting
 - Level 4.5 Dodging
 - Level 2.6 Stealth
 - Level 4.0 Unarmed Combat
 + Level 2.4 Evocations


You had 3 spell levels left.
You didn't know any spells.

Inventory:

Hand weapons
 d - a +2 long sword of holy wrath
Magical devices
 k - a wand of slowing (6)
Comestibles
 f - 2 meat rations
 m - 3 bread rations
Scrolls
 n - a scroll of remove curse
Jewellery
 g - an uncursed ring of ice {unknown}
 i - an uncursed ring of fire {unknown}
Rods
 b - a +0 rod of clouds (6/13)
   (You found it on level 3 of the Dungeon)

Dungeon Overview and Level Annotations

Branches:
Dungeon (4/15)
 Temple: D:4-7

Altars:
Trog
Xom

Portals:
Sewer: D:4

,,,,* #.#≈≈≈≈≈#.# *,* ,,,,**
#.#≈≈≈≈≈#.# *,*
,,,,,******###.#≈≈∩≈≈#.##*,*
,,,,,,,,,,,,...#≈≈≈≈≈#..#*,*
,,,,,,,,,,,,*#.##'####..#*,#
,,,,,,,,,,,,*#..r.......##.##
,,,,,,,,,,,,*##rsr..........#
,,,>,,,,,,,,* ##S######.#####
**,*,,,,,,,,* #♣# #.##<#
*,*,,,,,,,,* #.# #.##.#
*,*,,,,,,,,* #.# #.##%#
*,*,,,,,,,,* #.# #.##.#
**,*,,,,,,,,* #.# #.##.#
,,>,,,,*,,*** #.# #.##.#
**,*,,,,,,,,* #.# #.##.#
**,******,*****#.######.##.#
,,,,,,,,,,,,,,,#...........#


You could see an adder, a giant mite and 3 rats.


Message History

* * * LOW HITPOINT WARNING * * *
You feel sick. The adder bites you but does no damage.
Unknown command.
Drink which item? (? for menu, Esc to quit)
You feel protected.
It was a potion of resistance.
* * * LOW HITPOINT WARNING * * *
You feel sick. The adder bites you but does no damage.
You hit the adder but do no damage.
* * * LOW HITPOINT WARNING * * *
You feel sick. The adder bites you but does no damage.
You hit the adder.
The adder is heavily wounded.
* * * LOW HITPOINT WARNING * * *
You feel sick. The adder bites you but does no damage.
The adder bites you but does no damage.
Unknown command.
You barely miss the adder.
The adder is heavily wounded.
* * * LOW HITPOINT WARNING * * *
You feel sick. The adder bites you but does no damage.
You closely miss the adder.
The adder is heavily wounded.
* * * LOW HITPOINT WARNING * * *
You feel sick. The adder bites you but does no damage.
You hit the adder.
The adder is almost dead.
* * * LOW HITPOINT WARNING * * *
You feel sick. The adder bites you.
You die...

Action                   |  1- 3 |  4- 6 || total
-------------------------+-------+-------++-------
Melee: Unarmed           |    79 |    30 ||   109
Evoke: Wand              |     2 |     1 ||     3
       Rod               |       |     2 ||     2
  Use: Scroll            |     4 |     2 ||     6
       Potion            |       |     4 ||     4
 Stab: Sleeping          |    11 |     1 ||    12
  Eat: Chunk             |     2 |       ||     2
       Beef jerky        |       |     1 ||     1

Vault maps used:
D:1:      noname_arrival_rooms_in_the_neighbourhood
D:3:      lemuel_round_altar, first_bread, wad_orctagon
D:4:      bloody_trog, portal_sewer_entry_c, nicolae_gozag_zags_fifth_avenue

Notes
Turn   | Place    | Note
--------------------------------------------------------------
     0 | D:1      | RobertPalmer, the Octopode Monk, began the quest for the Orb.
     0 | D:1      | Reached XP level 1. HP: 16/16 MP: 1/1
   132 | D:1      | Reached XP level 2. HP: 21/21 MP: 2/2
   982 | D:2      | Reached skill level 4 in Dodging
  1121 | D:3      | Reached XP level 3. HP: 24/26 MP: 3/3
  1347 | D:3      | Identified a +0 rod of clouds (13/13) (You found it on level 3 of the Dungeon)
  1447 | D:3      | Reached skill level 1 in Evocations
  1468 | D:3      | Reached XP level 4. HP: 31/31 MP: 4/4
  1649 | D:3      | Found a shimmering altar of Xom.
  1658 | D:3      | Reached skill level 2 in Evocations
  1873 | D:4      | Found a bloodstained altar of Trog.
  1874 | D:4      | Noticed a phantom
  1980 | D:4      | Found a glowing drain.
  1993 | D:4      | Identified a potion of resistance
  1995 | D:4      | HP: 4/46 [poisoned by an adder]
  1998 | D:4      | Slain by an adder

Vanquished Creatures
  An adder (D:3)
  2 worms (D:3)
  A giant gecko (D:3)
  5 orcs (D:3)
  3 ball pythons
  4 bats
  3 goblins
  7 hobgoblins
  6 jackals (D:3)
  8 kobolds
  A giant cockroach (D:2)
  4 giant newts
  5 rats
  A rat zombie (D:3)
51 creatures vanquished.
